[Event "Polofinale MCR juniorek 2023"]
[Site "Czech Republic"]
[Date "2023.11.17"]
[Round "8.9"]
[White "Kavanova, Anezka"]
[Black "Macova, Marketa"]
[Result "1-0"]
[TimeControl "90 min per 40 moves + 15 min + 30 sec / move from move 1"]
[WhiteFideId "23745517"]
[BlackFideId "23715588"]
[WhiteElo "1434"]
[BlackElo "1416"]

1. e4 e5 2. Nf3 Nc6 3. Bb5 Nf6 4. O-O Nxe4 5. d4 Nd6 6. Bg5 f6 7. dxe5 Nxb5 8. exf6 gxf6 9. Bf4 Nd6 10.
Bxd6 Bxd6 11. Re1+ Be7 12. Nh4 d6 13. Qh5+ Kf8 14. Ng6+ Kg7 15. Nxh8 Kxh8 16. Nc3 Bd7 17. Nd5 Be8 18.
Qe2 Bf8 19. Rad1 Ne5 20. f4 Ng6 21. Qe6 Bg7 22. Ne7 Bd7 23. Nxg6+ hxg6 24. Qe4 Bf5 25. Qa4 Qd7 26. Qb3 b6 27.
h3 Re8 28. Rxe8+ Qxe8 29. g4 Bd7 30. Qc3 f5 31. Qg3 Bxb2 32. Qh4+ Kg8 33. Re1 Bd4+ 34. Kh2 Qc8 35. Re7 Bg7 36.
Qg3 fxg4 37. Qb3+ Kh8 38. Qf7 Qf8 39. Rxd7 Qxf7 40. Rxf7 c5 41. hxg4 b5 42. Rxa7 b4 43. Rd7 Bf8 44.
Kh3 c4 45. Kh4 b3 46. axb3 cxb3 47. cxb3 Kg8 48. Kg5 Kh8 49. Kxg6 Kg8 50. b4 d5 51. Rxd5 Bxb4 52. Rd8+ Bf8 53. Kf6 Kh8 54. Rxf8+ Kh7 55.
f5 1-0

[Event "Polofinale MCR juniorek 2023"]
[Site "Czech Republic"]
[Date "2023.11.17"]
[Round "8.10"]
[White "Stavova, Marketa"]
[Black "Nova, Anezka"]
[Result "1/2-1/2"]
[TimeControl "90 min per 40 moves + 15 min + 30 sec / move from move 1"]
[WhiteFideId "23714824"]
[BlackFideId "23727144"]
[WhiteElo "1433"]
[BlackElo "1578"]

1. e4 e6 2. d4 d5 3. Nd2 c5 4. c3 cxd4 5. cxd4 dxe4 6. Nxe4 Nc6 7. Nf3 Nf6 8. Nxf6+ Qxf6 9. Bd3 Bb4+ 10.
Bd2 Bxd2+ 11. Qxd2 O-O 12. O-O Rd8 13. Rad1 Ne7 14. Rfe1 Nd5 15. Bc2 b6 16. Qd3 g6 17. Qd2 Bb7 18.
Be4 Qe7 19. a3 Nf6 20. Bxb7 Qxb7 21. Qf4 Kg7 22. Ne5 Rd5 23. Qh4 Rad8 24. Re2 Qc7 25. Red2 h6 26. Qf4 g5 27. Qe3 Nd7 28.
Nd3 a5 29. Nc1 Nb8 30. Ne2 Qd7 31. h3 Nc6 32. Qb3 b5 33. Qf3 b4 34. axb4 axb4 35. Kh1 e5 36. Ng3 Qe6 37. Re1 Nxd4 38.
Qe4 f5 39. Qb1 Kg6 40. Qa2 b3 41. Qa4 h5 42. Red1 Qd7 43. Qa6+ Qd6 44. Qa4 g4 45. Ne2 Qd7 46. Qxd7 R5xd7 47. hxg4 hxg4 48. g3 Kf6 49. Kg2 Ke6 50. Nc1 Nf3 51. Rxd7 Rxd7 52. Rxd7 Kxd7 53. Nxb3 Ne1+ 54. Kf1 Nd3 55.
Ke2 Nxb2 56. Nc5+ Kd6 57. Nb7+ Kd5 58. Nd8 Nc4 59. Nf7 Nd6 60. Nh6 Ke6 61. f3 gxf3+ 62. Kxf3 Kf6 63. g4 f4 64.
Ng8+ Kf7 65. Nh6+ Kg7 66. g5 Kg6 67. Kg4 Nf7 68. Nf5 Nxg5 69. Ne7+ Kf7 70. Nd5 Ne6 71. Kf5 f3 72. Kxe5 f2 73.
Ne3 Ng5 74. Kf4 Kf6 75. Ng4+ Ke5+ 76. Ke4+ 1/2-1/2

[Event "Polofinale MCR juniorek 2023"]
[Site "Czech Republic"]
[Date "2023.11.18"]
[Round "9.1"]
[White "Buchtova, Viktorie"]
[Black "Nagyova, Daniela"]
[Result "1/2-1/2"]
[TimeControl "90 min per 40 moves + 15 min + 30 sec / move from move 1"]
[WhiteFideId "23714786"]
[BlackFideId "390070"]
[WhiteElo "1801"]
[BlackElo "1872"]

1. e4 e5 2. Nf3 Nc6 3. Bb5 a6 4. Ba4 Nf6 5. O-O Be7 6. Re1 b5 7. Bb3 O-O 8. c3 d5 9. exd5 Nxd5 10.
d4 exd4 11. Nxd4 Nxd4 12. Qxd4 Bb7 13. Nd2 Bf6 14. Qg4 Re8 15. Ne4 Be5 16. Bg5 Qc8 17. Qxc8 Raxc8 18. Nc5 Ba8 1/2-1/2

[Event "Polofinale MCR juniorek 2023"]
[Site "Czech Republic"]
[Date "2023.11.18"]
[Round "9.2"]
[White "Jakubse, Tamae Severina"]
[Black "Brezikova, Beata"]
[Result "1-0"]
[TimeControl "90 min per 40 moves + 15 min + 30 sec / move from move 1"]
[WhiteFideId "23745975"]
[BlackFideId "23727250"]
[WhiteElo "1679"]
[BlackElo "1622"]

1. e4 e5 2. Nf3 Nc6 3. d4 exd4 4. Nxd4 Bc5 5. Be3 Qf6 6. c3 Nge7 7. Bb5 a6 8. Ba4 b5 9. Bb3 Na5 10.
O-O O-O 11. Nd2 Bb7 12. Bc2 Ba7 13. b4 Nac6 14. N2f3 h6 15. Qd3 Ng6 16. a4 Nce5 17. Nxe5 Nxe5 18. Qe2 c6 19. f4 Ng6 20.
e5 Qe7 21. Nf5 Bxe3+ 22. Qxe3 Qd8 23. Nd6 Qc7 24. f5 Ne7 25. f6 Ng6 26. fxg7 Kxg7 27. Nf5+ Kg8 28. Qxh6 Qxe5 29. Rf3 Rfe8 30.
Raf1 c5 31. Rh3 Qh8 32. Qg5 Qe5 33. Nh6+ Kg7 34. Rxf7+ Kh8 35. Nf5+ Kg8 36. Qxg6+ Qg7 37. Qxg7# 1-0

[Event "Polofinale MCR juniorek 2023"]
[Site "Czech Republic"]
[Date "2023.11.18"]
[Round "9.3"]
[White "Petirova, Iva"]
[Black "Markina, Sofiia"]
[Result "1-0"]
[TimeControl "90 min per 40 moves + 15 min + 30 sec / move from move 1"]
[WhiteFideId "23741961"]
[BlackFideId "23744014"]
[WhiteElo "1636"]
[BlackElo "1563"]

1. e4 c6 2. d4 d5 3. Nc3 dxe4 4. Nxe4 Nf6 5. Nxf6+ exf6 6. c3 Bd6 7. Bd3 O-O 8. Qc2 Re8+ 9.
Ne2 g6 10. O-O Qc7 11. g3 Bh3 12. Re1 f5 13. Bd2 Nd7 14. Nf4 Bg4 15. Kg2 g5 16. Ne2 f4 17. f3 Bh5 18. Bxh7+ Kg7 19.
Qf5 Kh6 20. h4 fxg3 21. hxg5+ Kg7 22. Nf4 Bxf4 23. Bxf4 Qd8 24. Rh1 Bg6 25. Qh3 Re2+ 26. Kxg3 Bxh7 27. Qxh7+ Kf8 28. Bd6+ Ke8 29.
Qg8+ Nf8 30. Qxf8+ Kd7 31. Qxf7+ Kc8 32. Qf5+ 1-0

[Event "Polofinale MCR juniorek 2023"]
[Site "Czech Republic"]
[Date "2023.11.18"]
[Round "9.4"]
[White "Sulcova, Tereza Radmila"]
[Black "Sikorova, Jana"]
[Result "1/2-1/2"]
[TimeControl "90 min per 40 moves + 15 min + 30 sec / move from move 1"]
[WhiteFideId "395196"]
[BlackFideId "392472"]
[WhiteElo "1671"]
[BlackElo "1662"]

1. e4 c5 2. Nc3 e6 3. g3 d5 4. d3 Nc6 5. Bg2 Nf6 6. Nge2 Be7 7. O-O O-O 8. Qe1 h6 9. a3 b6 10.
exd5 exd5 11. Nf4 Re8 12. Nfxd5 Bb7 13. Nxf6+ Bxf6 14. Be3 Qd7 15. Qd2 Nd4 16. Bxb7 Qxb7 17. Bxd4 Bxd4 18. Rae1 Qf3 19.
b3 h5 20. Ne2 Be5 21. Nc3 h4 22. Re3 Bxc3 23. Qxc3 Rxe3 24. fxe3 Qxe3+ 25. Kg2 Re8 26. Qc4 Qe2+ 27. Kg1 Re6 28.
Qxh4 1/2-1/2

[Event "Polofinale MCR juniorek 2023"]
[Site "Czech Republic"]
[Date "2023.11.18"]
[Round "9.5"]
[White "Stastna, Martina"]
[Black "Bartova, Hana"]
[Result "1-0"]
[TimeControl "90 min per 40 moves + 15 min + 30 sec / move from move 1"]
[WhiteFideId "385123"]
[BlackFideId "23732695"]
[WhiteElo "1940"]
[BlackElo "1270"]

1. e4 e5 2. Nf3 Nf6 3. Nxe5 d6 4. Nf3 Nxe4 5. Nc3 Nf6 6. d4 d5 7. Bg5 Be7 8. Qd2 O-O 9. O-O-O Bf5 10.
Ne5 Nbd7 11. h4 c6 12. f3 Nxe5 13. dxe5 Nd7 14. g4 Bxg5 15. hxg5 Bxg4 16. fxg4 Nxe5 17. Bd3 Nxd3+ 18. cxd3 g6 19.
Rdf1 Kg7 20. Rxh7+ 1-0

[Event "Polofinale MCR juniorek 2023"]
[Site "Czech Republic"]
[Date "2023.11.18"]
[Round "9.6"]
[White "Nespora, Tatana"]
[Black "Dudova, Pavlina"]
[Result "1-0"]
[TimeControl "90 min per 40 moves + 15 min + 30 sec / move from move 1"]
[WhiteFideId "392286"]
[BlackFideId "394629"]
[WhiteElo "1690"]
[BlackElo "1763"]

1. e4 e6 2. d4 d5 3. Nc3 Bb4 4. e5 c5 5. a3 Bxc3+ 6. bxc3 Qa5 7. Bd2 Qa4 8. h4 Nc6 9. h5 h6 10.
Rh3 Nge7 11. Nf3 cxd4 12. cxd4 Nxd4 13. Nxd4 Qxd4 14. Bc3 Qxd1+ 15. Rxd1 Bd7 16. Rb1 b6 17. Bb4 Rc8 18. Rc1 Ba4 19.
c4 Kd7 20. g4 Rhd8 21. Rhc3 dxc4 22. Rxc4 Rxc4 23. Bxc4 Rc8 24. Kd2 Nc6 25. Ba6 Rd8 26. Bd6 Ke8 27. Ke1 Nb8 28. Bb7 Nd7 29.
Rc7 Bb5 30. Bc6 Bxc6 31. Rxc6 Ra8 32. Rc7 Kd8 33. f4 a6 34. f5 a5 35. f6 gxf6 36. exf6 e5 37. g5 Rc8 38. Rxc8+ Kxc8 39.
Be7 1-0

[Event "Polofinale MCR juniorek 2023"]
[Site "Czech Republic"]
[Date "2023.11.18"]
[Round "9.7"]
[White "Havelkova, Beata"]
[Black "Kavanova, Anezka"]
[Result "1/2-1/2"]
[TimeControl "90 min per 40 moves + 15 min + 30 sec / move from move 1"]
[WhiteFideId "23709405"]
[BlackFideId "23745517"]
[WhiteElo "1736"]
[BlackElo "1434"]

1. e4 c5 2. c3 Nf6 3. e5 Nd5 4.
d4 cxd4 5. Nf3 Nc6 6. cxd4 d6 7. Bc4 Nb6 8. Bb3 dxe5 9. d5 Na5 10. Nxe5 Nxb3 11. Qxb3 Qxd5 12. Qg3 g6 13. Nc3 Qa5 14.
O-O Bg7 15. Re1 Be6 16. Bd2 O-O 17. h4 Rad8 18. Rad1 Nd5 19. h5 Nxc3 20. Bxc3 Qb6 21. Rxd8 Rxd8 22. hxg6 hxg6 23. Nxg6 Bxc3 24.
Ne5+ Kf8 25. Qxc3 f6 26. Ng6+ Kf7 27. Qc2 Qb4 28. Re4 Qd2 29. Nh8+ Kg8 30. Qxd2 Rxd2 31. Rxe6 Kxh8 32. Rxe7 Rxb2 33.
a3 Rb3 34. f3 Kg8 35. Kf2 a6 36. a4 a5 37. Re4 Kf7 38. g4 b5 39. axb5 Rxb5 40. f4 Rb4 41. Rxb4 axb4 42. Ke3 Ke6 43.
Kd4 b3 44. Kc3 1/2-1/2

[Event "Polofinale MCR juniorek 2023"]
[Site "Czech Republic"]
[Date "2023.11.18"]
[Round "9.8"]
[White "Hosova, Sandra"]
[Black "Reznickova, Sibyla"]
[Result "0-1"]
[TimeControl "90 min per 40 moves + 15 min + 30 sec / move from move 1"]
[WhiteFideId "397717"]
[BlackFideId "398721"]
[WhiteElo "1730"]
[BlackElo "1413"]

1. d4 d5 2. Nf3 Bf5 3. e3 Nf6 4. c4 e6 5. Nc3 Nc6 6. Qb3 Nb4 7. cxd5 exd5 8. Ne5 Bc2 9. Bb5+ c6 10.
Nxc6 bxc6 11. Bxc6+ Nd7 0-1

[Event "Polofinale MCR juniorek 2023"]
[Site "Czech Republic"]
[Date "2023.11.18"]
[Round "9.9"]
[White "Stavova, Helena"]
[Black "Stavova, Marketa"]
[Result "1/2-1/2"]
[TimeControl "90 min per 40 moves + 15 min + 30 sec / move from move 1"]
[WhiteFideId "23714751"]
[BlackFideId "23714824"]
[WhiteElo "1425"]
[BlackElo "1433"]

1. e4 e5 2. Nc3 Nc6 3. g3 Bc5 4. Bg2 d6 5. Na4 Bb6 6. Nxb6 axb6 7. Ne2 Be6 8. d4 exd4 9. Nxd4 Nxd4 10.
Qxd4 Nf6 11. O-O O-O 12. a3 Qd7 13. Re1 Bh3 14. Bg5 Bxg2 15. Kxg2 Ng4 16. h3 Ne5 17. Bd2 Nc6 18. Qe3 Qe6 19.
Bc3 Qg6 20. Qd3 Rae8 21. Qd5 Kh8 22. Rad1 f6 23. f4 Re7 24. Rd2 Rfe8 25. Rde2 Rd8 26. b4 Rde8 27. b5 Nd8 28. e5 fxe5 29.
fxe5 Ne6 30. Kh2 Nc5 31.
Bd4 Nd7 1/2-1/2

[Event "Polofinale MCR juniorek 2023"]
[Site "Czech Republic"]
[Date "2023.11.18"]
[Round "9.11"]
[White "Macova, Marketa"]
[Black "Taborska, Aneta"]
[Result "1-0"]
[TimeControl "90 min per 40 moves + 15 min + 30 sec / move from move 1"]
[WhiteFideId "23715588"]
[BlackFideId "23733039"]
[WhiteElo "1416"]
[BlackElo "1165"]

1. e4 d5 2. exd5 Qxd5 3. Nc3 Qa5 4.
d4 Nf6 5. Nf3 Bg4 6. Be2 Nc6 7. h3 Bh5 8. g4 Bg6 9. Bd2 a6 10. Bc4 e6 11. Nd5 Bb4 12. Nxf6+ gxf6 13. c3 Be7 14. Qe2 O-O-O 15. O-O-O f5 16. Rhe1 fxg4 17. hxg4 Qb6 18. Ne5 Nxe5 19. Qxe5 Ba3 20. Bb3 Bd6 21. Qf6 a5 22. f4 Kd7 23. Bxe6+ fxe6 24. Qxe6+ Kc6 25. d5+ Kb5 26. Qe2+ Ka4 27.
Qc4+ Bb4 28. cxb4 axb4 29. b3+ Ka3 30. f5 Bf7 31. Kb1 Bxd5 32. Qc1# 1-0